[ AOE2 MATCH · #477666114 ]
UnrankedBurgundians vs None
Player's team · LOSS
Rival team · WIN
[ REPLAY ANALYSIS · EXTRACTED FROM THE RECORDED GAME ]
Feudal
—
Castle
—
Imperial
—
| APM avg | 11.8 |
| APM peak | 30 |
| eAPM avg | 2.4 |
| Villagers / military | 0 / 0 |
Focus
⚔️ 96.4% · 🌾 3.6%
Feudal
—
Castle
—
Imperial
—
| APM avg | 21.6 |
| APM peak | 63 |
| eAPM avg | 18.0 |
| Villagers / military | 0 / 0 |
Focus
⚔️ 100.0% · 🌾 0.0%
Feudal
—
Castle
—
Imperial
—
| APM avg | 4.0 |
| APM peak | 12 |
| eAPM avg | 1.6 |
| Villagers / military | 0 / 0 |
Focus
⚔️ 100.0% · 🌾 0.0%
Feudal
—
Castle
—
Imperial
—
| APM avg | 12.8 |
| APM peak | 32 |
| eAPM avg | 3.6 |
| Villagers / military | 0 / 0 |
Focus
⚔️ 88.9% · 🌾 11.1%
Feudal
—
Castle
—
Imperial
—
| APM avg | 46.3 |
| APM peak | 93 |
| eAPM avg | 20.7 |
| Villagers / military | 0 / 379 |
Focus
⚔️ 95.0% · 🌾 5.0%
Archer ×354 · Knight ×25
Feudal
—
Castle
—
Imperial
—
| APM avg | 15.9 |
| APM peak | 45 |
| eAPM avg | 12.0 |
| Villagers / military | 0 / 568 |
Focus
⚔️ 97.3% · 🌾 2.7%
Camel Scout ×529 · Battering Ram ×34 · Knight ×5
Feudal
—
Castle
—
Imperial
—
| APM avg | 28.3 |
| APM peak | 83 |
| eAPM avg | 19.4 |
| Villagers / military | 0 / 347 |
Focus
⚔️ 86.4% · 🌾 13.6%
Eagle Scout ×347
Feudal
—
Castle
—
Imperial
—
| APM avg | 38.5 |
| APM peak | 68 |
| eAPM avg | 21.0 |
| Villagers / military | 0 / 745 |
Focus
⚔️ 95.0% · 🌾 5.0%
Archer ×576 · Knight ×169
Match map
Initial resources + every placement click. Lines = walls · curves = elevation contours. ◆ gold · ⬟ stone · ● berries · ✦ relic · ◌ wall gap
Your base· Open
xpentanx's base· Open
turbines1's base· Open
Zonzoalegre's base· ✓ Map-separated
_Yoga_'s base· Open
RushH3LL's base· ✓ Map-separated
Teoman the hun's base· Open
babeleo's base· Open
Smoothed initial terrain · ◌ = detected wall gap · hover for details
Inputs per minute
— Deal - - xpentanx
Build order — Deal
27 actions detected in the replay
| 22:35 | Build | Stable |
| 22:49 | Build | Stable |
| 22:52 | Build | Stable |
| 22:55 | Build | Stable |
| 23:02 | Build | Stone Wall |
| 23:08 | Build | Gate |
| 23:33 | Research | Cavalier (upgrade) |
| 23:35 | Research | Husbandry |
| 23:37 | Research | Light Cavalry (upgrade) |
| 23:43 | Research | Chain Barding Armor |
| 23:44 | Research | Iron Casting |
| 23:45 | Research | Bodkin Arrow |
| 23:46 | Research | Leather Archer Armor |
| 23:46 | Research | Chain Mail Armor |
| 23:51 | Research | Ballistics |
| 23:52 | Research | Treadmill Crane |
| 23:54 | Research | Careening |
| 23:55 | Research | Tech 908 |
| 23:56 | Research | Tech 909 |
| 23:57 | Research | Guard Tower (upgrade) |
| 26:05 | Build | Stable |
| 26:09 | Build | Stable |
| 26:11 | Build | Stable |
| 26:14 | Build | Stable |
| 26:17 | Build | Stable |
| 26:20 | Build | Stable |
| 28:35 | Research | Burgundian Vineyards |
Build order — xpentanx
6 actions detected in the replay
| 19:47 | Research | Iron Casting |
| 19:48 | Research | Chain Mail Armor |
| 19:49 | Research | Bodkin Arrow |
| 19:50 | Research | Leather Archer Armor |
| 19:53 | Research | Ballistics |
| 19:58 | Research | Tech 455 |
Build order — turbines1
9 actions detected in the replay
| 4:12 | Research | Guard Tower (upgrade) |
| 4:12 | Research | Ballistics |
| 4:14 | Research | Tech 908 |
| 4:15 | Research | Careening |
| 4:18 | Research | Chain Barding Armor |
| 4:19 | Research | Chain Mail Armor |
| 4:20 | Research | Iron Casting |
| 4:22 | Research | Bodkin Arrow |
| 4:23 | Research | Leather Archer Armor |
Build order — Zonzoalegre
35 actions detected in the replay
| 10:34 | Research | Bodkin Arrow |
| 10:35 | Research | Bodkin Arrow |
| 10:35 | Research | Bodkin Arrow |
| 10:36 | Research | Iron Casting |
| 10:37 | Research | Chain Barding Armor |
| 10:38 | Research | Chain Mail Armor |
| 10:38 | Research | Chain Mail Armor |
| 10:39 | Research | Chain Mail Armor |
| 10:39 | Research | Chain Mail Armor |
| 10:41 | Research | Treadmill Crane |
| 10:41 | Research | Treadmill Crane |
| 10:43 | Research | Ballistics |
| 10:44 | Research | Tech 909 |
| 10:46 | Research | Tech 908 |
| 10:47 | Research | Careening |
| 12:50 | Research | Eupseong |
| 23:00 | Research | Bracer |
| 23:01 | Research | Plate Mail Armor |
| 23:01 | Research | Plate Mail Armor |
| 23:04 | Research | Chemistry |
| 23:05 | Research | Arrowslits |
| 23:05 | Research | Arrowslits |
| 23:06 | Research | Arrowslits |
| 23:08 | Research | Siege Engineers |
| 23:09 | Research | Dry Dock |
| 23:10 | Research | Shipwright |
| 23:10 | Research | Tech 910 |
| 23:13 | Research | Tech 907 |
| 23:19 | Research | Spies/Treason |
| 23:21 | Research | Conscription |
| 23:22 | Research | Conscription |
| 23:24 | Research | Shinkichon |
| 23:25 | Research | Shinkichon |
| 23:26 | Research | Elite War Wagon (upgrade) |
| 23:27 | Research | Elite War Wagon (upgrade) |
Build order — _Yoga_
First 150 of 431 actions detected
| 5:48 | Build | Archery Range |
| 5:50 | Build | Barracks |
| 5:52 | Build | Archery Range |
| 5:53 | Build | Archery Range |
| 7:34 | Build | Stone Wall |
| 7:37 | Build | Stone Wall |
| 7:39 | Build | Stone Wall |
| 7:41 | Build | Stone Wall |
| 8:43 | Research | Crossbowman (upgrade) |
| 8:44 | Research | Bodkin Arrow |
| 8:49 | Research | Iron Casting |
| 8:50 | Research | Chain Mail Armor |
| 8:51 | Research | Leather Archer Armor |
| 8:51 | Research | Bodkin Arrow |
| 8:52 | Research | Chain Barding Armor |
| 8:55 | Research | Treadmill Crane |
| 8:55 | Research | Ballistics |
| 9:02 | Research | Arson |
| 9:57 | Build | Archery Range |
| 9:59 | Build | Archery Range |
| 10:00 | Build | Archery Range |
| 10:02 | Build | Archery Range |
| 10:05 | Build | Archery Range |
| 10:06 | Build | Archery Range |
| 10:08 | Build | Archery Range |
| 10:10 | Build | Archery Range |
| 10:11 | Build | Archery Range |
| 10:13 | Build | Archery Range |
| 10:14 | Build | Archery Range |
| 10:16 | Build | Archery Range |
| 10:48 | Create | Archer |
| 10:48 | Create | Archer |
| 10:49 | Create | Archer |
| 10:49 | Create | Archer |
| 10:49 | Create | Archer |
| 10:49 | Create | Archer |
| 10:50 | Create | Archer |
| 10:50 | Create | Archer |
| 10:50 | Create | Archer |
| 10:50 | Create | Archer |
| 10:51 | Create | Archer |
| 10:51 | Create | Archer |
| 10:51 | Create | Archer |
| 10:51 | Create | Archer |
| 12:02 | Create | Archer |
| 12:02 | Create | Archer |
| 12:03 | Create | Archer |
| 12:03 | Create | Archer |
| 12:03 | Create | Archer |
| 12:03 | Create | Archer |
| 12:04 | Create | Archer |
| 12:04 | Create | Archer |
| 12:04 | Create | Archer |
| 12:04 | Create | Archer |
| 12:04 | Create | Archer |
| 12:05 | Create | Archer |
| 12:29 | Create | Archer |
| 12:30 | Create | Archer |
| 12:30 | Create | Archer |
| 12:30 | Create | Archer |
| 12:30 | Create | Archer |
| 12:31 | Create | Archer |
| 12:31 | Create | Archer |
| 12:31 | Create | Archer |
| 12:31 | Create | Archer |
| 12:32 | Create | Archer |
| 12:39 | Create | Archer |
| 12:39 | Create | Archer |
| 12:39 | Create | Archer |
| 12:40 | Create | Archer |
| 12:40 | Create | Archer |
| 12:40 | Create | Archer |
| 12:40 | Create | Archer |
| 12:41 | Create | Archer |
| 12:41 | Create | Archer |
| 12:41 | Create | Archer |
| 12:41 | Create | Archer |
| 12:41 | Create | Archer |
| 12:42 | Create | Archer |
| 12:42 | Create | Archer |
| 12:42 | Create | Archer |
| 12:42 | Create | Archer |
| 12:43 | Create | Archer |
| 12:43 | Create | Archer |
| 12:43 | Create | Archer |
| 12:43 | Create | Archer |
| 12:44 | Create | Archer |
| 12:44 | Create | Archer |
| 12:44 | Create | Archer |
| 12:44 | Create | Archer |
| 12:44 | Create | Archer |
| 12:45 | Create | Archer |
| 12:45 | Create | Archer |
| 12:46 | Create | Archer |
| 13:31 | Create | Archer |
| 13:31 | Create | Archer |
| 13:31 | Create | Archer |
| 13:32 | Create | Archer |
| 13:32 | Create | Archer |
| 13:32 | Create | Archer |
| 13:32 | Create | Archer |
| 13:33 | Create | Archer |
| 13:33 | Create | Archer |
| 13:33 | Create | Archer |
| 13:33 | Create | Archer |
| 13:34 | Create | Archer |
| 13:34 | Create | Archer |
| 13:34 | Create | Archer |
| 13:34 | Create | Archer |
| 13:34 | Create | Archer |
| 13:35 | Create | Archer |
| 13:35 | Create | Archer |
| 13:35 | Create | Archer |
| 13:35 | Create | Archer |
| 13:36 | Create | Archer |
| 13:36 | Create | Archer |
| 13:36 | Create | Archer |
| 13:36 | Create | Archer |
| 13:36 | Create | Archer |
| 13:37 | Create | Archer |
| 13:37 | Create | Archer |
| 13:37 | Create | Archer |
| 13:37 | Create | Archer |
| 13:37 | Create | Archer |
| 13:38 | Create | Archer |
| 13:38 | Create | Archer |
| 13:38 | Create | Archer |
| 13:39 | Create | Archer |
| 13:39 | Create | Archer |
| 13:39 | Create | Archer |
| 13:39 | Create | Archer |
| 13:39 | Create | Archer |
| 13:40 | Create | Archer |
| 14:09 | Create | Archer |
| 14:09 | Create | Archer |
| 14:09 | Create | Archer |
| 14:10 | Create | Archer |
| 14:10 | Create | Archer |
| 14:10 | Create | Archer |
| 14:10 | Create | Archer |
| 14:11 | Create | Archer |
| 14:11 | Create | Archer |
| 14:11 | Create | Archer |
| 14:11 | Create | Archer |
| 14:11 | Create | Archer |
| 14:12 | Create | Archer |
| 14:12 | Create | Archer |
| 14:12 | Create | Archer |
| 14:12 | Create | Archer |
| 14:13 | Create | Archer |
Build order — RushH3LL
First 150 of 175 actions detected
| 9:09 | Research | Bodkin Arrow |
| 9:10 | Research | Leather Archer Armor |
| 9:10 | Research | Iron Casting |
| 9:11 | Research | Chain Mail Armor |
| 9:11 | Research | Chain Barding Armor |
| 9:12 | Research | Treadmill Crane |
| 9:13 | Research | Ballistics |
| 9:15 | Research | Guard Tower (upgrade) |
| 9:16 | Research | Tech 909 |
| 9:17 | Research | Tech 28 |
| 10:26 | Build | Stable |
| 10:28 | Build | Stable |
| 10:30 | Build | Stable |
| 10:33 | Build | Stable |
| 10:36 | Build | Stable |
| 10:40 | Build | Stable |
| 10:42 | Build | Stable |
| 10:43 | Build | Stable |
| 10:46 | Build | Stable |
| 10:48 | Build | Stable |
| 10:49 | Build | Stable |
| 10:51 | Build | Stable |
| 10:53 | Build | Stable |
| 10:56 | Build | Stable |
| 10:57 | Build | Stable |
| 10:58 | Build | Stable |
| 14:08 | Research | Bloodlines |
| 14:10 | Research | Husbandry |
| 14:17 | Build | Stone Wall |
| 15:55 | Create | Camel Scout ×5 |
| 15:55 | Create | Camel Scout ×5 |
| 15:56 | Create | Camel Scout ×5 |
| 15:56 | Create | Camel Scout ×5 |
| 15:56 | Create | Camel Scout ×5 |
| 15:56 | Create | Camel Scout ×5 |
| 15:57 | Create | Camel Scout ×5 |
| 15:57 | Create | Camel Scout ×5 |
| 15:57 | Create | Camel Scout ×5 |
| 15:58 | Create | Camel Scout ×5 |
| 15:58 | Create | Camel Scout ×5 |
| 15:59 | Create | Camel Scout ×5 |
| 15:59 | Create | Camel Scout ×5 |
| 15:59 | Create | Camel Scout ×5 |
| 15:59 | Create | Camel Scout ×5 |
| 16:00 | Create | Camel Scout ×5 |
| 16:00 | Create | Camel Scout ×5 |
| 16:00 | Create | Camel Scout ×5 |
| 16:00 | Create | Camel Scout ×5 |
| 16:01 | Create | Camel Scout ×5 |
| 16:01 | Create | Camel Scout ×5 |
| 16:01 | Create | Camel Scout ×5 |
| 16:02 | Create | Camel Scout ×5 |
| 16:02 | Create | Camel Scout ×5 |
| 16:02 | Create | Camel Scout ×5 |
| 16:46 | Create | Camel Scout ×5 |
| 16:46 | Create | Camel Scout ×5 |
| 16:47 | Create | Camel Scout ×5 |
| 16:47 | Create | Camel Scout ×5 |
| 17:37 | Create | Camel Scout ×5 |
| 17:37 | Create | Camel Scout ×5 |
| 17:37 | Create | Camel Scout ×5 |
| 17:38 | Create | Camel Scout ×5 |
| 17:38 | Create | Camel Scout ×5 |
| 17:38 | Create | Camel Scout ×5 |
| 17:38 | Create | Camel Scout ×5 |
| 17:39 | Create | Camel Scout ×5 |
| 17:39 | Create | Camel Scout ×5 |
| 17:39 | Create | Camel Scout ×5 |
| 17:39 | Create | Camel Scout ×5 |
| 17:40 | Create | Camel Scout ×5 |
| 17:40 | Create | Camel Scout ×5 |
| 17:40 | Create | Camel Scout ×5 |
| 17:41 | Create | Camel Scout ×5 |
| 17:41 | Create | Camel Scout ×5 |
| 17:41 | Create | Camel Scout ×5 |
| 17:41 | Create | Camel Scout ×5 |
| 17:42 | Create | Camel Scout ×5 |
| 18:11 | Build | Siege Workshop |
| 19:51 | Create | Camel Scout ×5 |
| 19:51 | Create | Camel Scout ×5 |
| 19:51 | Create | Camel Scout ×5 |
| 19:52 | Create | Camel Scout ×5 |
| 19:52 | Create | Camel Scout ×5 |
| 19:52 | Create | Camel Scout ×5 |
| 19:52 | Create | Camel Scout ×5 |
| 19:53 | Create | Camel Scout ×5 |
| 19:53 | Create | Camel Scout ×5 |
| 19:53 | Create | Camel Scout ×5 |
| 19:54 | Create | Camel Scout ×5 |
| 19:54 | Create | Camel Scout ×5 |
| 19:54 | Create | Camel Scout ×5 |
| 19:54 | Create | Camel Scout ×5 |
| 19:55 | Create | Camel Scout ×5 |
| 19:55 | Create | Camel Scout ×5 |
| 20:06 | Research | Spies/Treason |
| 20:07 | Research | Elite Mameluke (upgrade) |
| 20:08 | Research | Tech 454 |
| 20:10 | Research | Conscription |
| 20:21 | Research | Heavy Camel Rider (upgrade) |
| 20:26 | Create | Knight ×5 |
| 20:26 | Create | Camel Scout ×5 |
| 20:26 | Create | Camel Scout ×5 |
| 20:27 | Create | Camel Scout ×5 |
| 20:27 | Create | Camel Scout ×5 |
| 20:27 | Create | Camel Scout ×5 |
| 20:28 | Create | Camel Scout ×5 |
| 20:28 | Create | Camel Scout ×5 |
| 20:28 | Create | Camel Scout ×5 |
| 20:28 | Create | Camel Scout ×5 |
| 20:29 | Create | Camel Scout ×5 |
| 20:29 | Create | Camel Scout ×5 |
| 20:29 | Create | Camel Scout ×5 |
| 20:29 | Create | Camel Scout ×5 |
| 20:30 | Create | Camel Scout ×2 |
| 21:00 | Build | Siege Workshop |
| 21:13 | Research | Blast Furnace |
| 21:13 | Research | Plate Mail Armor |
| 21:13 | Research | Plate Barding Armor |
| 21:14 | Research | Plate Barding Armor |
| 21:14 | Research | Ring Archer Armor |
| 21:14 | Research | Bracer |
| 21:17 | Research | Chemistry |
| 21:18 | Research | Arrowslits |
| 21:19 | Research | Keep (upgrade) |
| 21:21 | Research | Siege Engineers |
| 21:48 | Build | Siege Workshop |
| 21:51 | Research | Capped Ram (upgrade) |
| 22:07 | Create | Camel Scout ×5 |
| 22:07 | Create | Camel Scout ×5 |
| 22:07 | Create | Camel Scout ×5 |
| 22:08 | Create | Camel Scout ×5 |
| 22:08 | Create | Camel Scout ×5 |
| 22:08 | Create | Camel Scout ×5 |
| 22:08 | Create | Camel Scout ×5 |
| 23:02 | Research | Siege Ram (upgrade) |
| 23:04 | Create | Battering Ram ×5 |
| 23:05 | Create | Battering Ram ×5 |
| 23:05 | Create | Battering Ram ×5 |
| 23:05 | Create | Battering Ram ×5 |
| 23:06 | Create | Battering Ram ×5 |
| 23:06 | Create | Battering Ram ×5 |
| 23:07 | Create | Battering Ram ×4 |
| 23:15 | Build | Siege Workshop |
| 23:15 | Build | Siege Workshop |
| 23:16 | Build | Siege Workshop |
| 23:16 | Build | Siege Workshop |
| 23:17 | Build | Siege Workshop |
| 23:19 | Build | Siege Workshop |
| 23:19 | Build | Siege Workshop |
| 23:19 | Build | Siege Workshop |
Build order — Teoman the hun
130 actions detected in the replay
| 4:56 | Research | Chain Mail Armor |
| 4:57 | Research | Iron Casting |
| 4:57 | Research | Bodkin Arrow |
| 4:58 | Research | Bodkin Arrow |
| 4:58 | Research | Leather Archer Armor |
| 4:59 | Research | Leather Archer Armor |
| 5:01 | Research | Atlatl |
| 5:01 | Research | Atlatl |
| 5:01 | Research | Atlatl |
| 5:04 | Research | Treadmill Crane |
| 5:05 | Research | Ballistics |
| 5:06 | Research | Guard Tower (upgrade) |
| 5:07 | Research | Guard Tower (upgrade) |
| 5:08 | Research | Tech 908 |
| 5:09 | Research | Careening |
| 14:02 | Research | Plate Mail Armor |
| 14:02 | Research | Blast Furnace |
| 14:03 | Research | Blast Furnace |
| 14:03 | Research | Blast Furnace |
| 14:05 | Research | Elite Jaguar Warrior (upgrade) |
| 14:06 | Research | Garland Wars |
| 14:07 | Research | Conscription |
| 14:08 | Research | Spies/Treason |
| 14:08 | Research | Spies/Treason |
| 14:08 | Research | Spies/Treason |
| 14:10 | Research | Chemistry |
| 14:11 | Research | Arrowslits |
| 14:12 | Research | Siege Engineers |
| 14:12 | Research | Siege Engineers |
| 14:13 | Research | Shipwright |
| 20:00 | Build | Barracks |
| 20:02 | Build | Barracks |
| 20:04 | Build | Barracks |
| 20:07 | Build | Barracks |
| 20:13 | Build | Barracks |
| 20:14 | Build | Barracks |
| 20:55 | Research | Gambesons |
| 20:56 | Research | Arson |
| 20:56 | Research | Arson |
| 20:57 | Research | Eagle Warrior (upgrade) |
| 20:57 | Research | Eagle Warrior (upgrade) |
| 20:58 | Create | Eagle Scout ×5 |
| 20:58 | Create | Eagle Scout ×5 |
| 20:59 | Create | Eagle Scout ×5 |
| 20:59 | Create | Eagle Scout ×5 |
| 20:59 | Create | Eagle Scout ×2 |
| 21:16 | Build | Barracks |
| 21:46 | Create | Eagle Scout ×5 |
| 21:46 | Create | Eagle Scout ×5 |
| 21:47 | Create | Eagle Scout ×5 |
| 21:47 | Create | Eagle Scout ×5 |
| 21:47 | Create | Eagle Scout ×5 |
| 21:48 | Create | Eagle Scout ×2 |
| 22:15 | Research | Elite Eagle Warrior (upgrade) |
| 22:15 | Research | Elite Eagle Warrior (upgrade) |
| 22:16 | Research | Elite Eagle Warrior (upgrade) |
| 22:18 | Create | Eagle Scout ×5 |
| 22:18 | Create | Eagle Scout ×5 |
| 22:18 | Create | Eagle Scout ×5 |
| 22:18 | Create | Eagle Scout ×5 |
| 22:19 | Create | Eagle Scout ×5 |
| 22:19 | Create | Eagle Scout ×5 |
| 22:19 | Create | Eagle Scout |
| 22:33 | Build | Barracks |
| 22:36 | Build | Barracks |
| 22:39 | Build | Barracks |
| 22:41 | Build | Barracks |
| 22:44 | Build | Barracks |
| 23:20 | Create | Eagle Scout ×5 |
| 23:20 | Create | Eagle Scout ×5 |
| 23:21 | Create | Eagle Scout ×5 |
| 23:21 | Create | Eagle Scout ×5 |
| 23:22 | Create | Eagle Scout ×5 |
| 23:22 | Create | Eagle Scout ×5 |
| 23:22 | Create | Eagle Scout ×5 |
| 23:22 | Create | Eagle Scout ×5 |
| 23:23 | Create | Eagle Scout ×5 |
| 23:23 | Create | Eagle Scout ×5 |
| 23:23 | Create | Eagle Scout ×5 |
| 23:24 | Create | Eagle Scout ×5 |
| 23:24 | Create | Eagle Scout ×5 |
| 23:24 | Create | Eagle Scout |
| 24:09 | Create | Eagle Scout ×5 |
| 24:09 | Create | Eagle Scout ×5 |
| 24:09 | Create | Eagle Scout ×5 |
| 24:09 | Create | Eagle Scout ×5 |
| 24:10 | Create | Eagle Scout ×5 |
| 24:10 | Create | Eagle Scout ×5 |
| 24:10 | Create | Eagle Scout ×5 |
| 24:10 | Create | Eagle Scout ×5 |
| 24:11 | Create | Eagle Scout ×5 |
| 24:11 | Create | Eagle Scout ×5 |
| 24:12 | Create | Eagle Scout ×3 |
| 24:13 | Create | Eagle Scout ×3 |
| 24:13 | Create | Eagle Scout ×3 |
| 24:37 | Create | Eagle Scout ×5 |
| 24:38 | Create | Eagle Scout ×5 |
| 24:38 | Create | Eagle Scout ×5 |
| 24:38 | Create | Eagle Scout ×5 |
| 24:39 | Create | Eagle Scout ×5 |
| 24:39 | Create | Eagle Scout ×4 |
| 24:39 | Create | Eagle Scout ×4 |
| 25:15 | Research | Bracer |
| 25:28 | Create | Eagle Scout ×5 |
| 25:29 | Create | Eagle Scout ×5 |
| 25:29 | Create | Eagle Scout ×5 |
| 25:29 | Create | Eagle Scout ×5 |
| 25:30 | Create | Eagle Scout ×5 |
| 25:30 | Create | Eagle Scout ×5 |
| 25:30 | Create | Eagle Scout ×5 |
| 25:31 | Create | Eagle Scout ×3 |
| 25:31 | Create | Eagle Scout ×3 |
| 25:40 | Create | Eagle Scout |
| 25:40 | Create | Eagle Scout |
| 25:41 | Create | Eagle Scout ×4 |
| 25:41 | Create | Eagle Scout ×3 |
| 25:41 | Create | Eagle Scout ×2 |
| 26:34 | Create | Eagle Scout ×5 |
| 26:34 | Create | Eagle Scout ×5 |
| 26:34 | Create | Eagle Scout ×5 |
| 26:35 | Create | Eagle Scout ×5 |
| 26:35 | Create | Eagle Scout ×5 |
| 26:35 | Create | Eagle Scout ×5 |
| 26:36 | Create | Eagle Scout ×5 |
| 26:36 | Create | Eagle Scout ×5 |
| 26:36 | Create | Eagle Scout ×5 |
| 26:37 | Create | Eagle Scout ×5 |
| 26:37 | Create | Eagle Scout ×5 |
| 26:37 | Create | Eagle Scout |
| 26:38 | Create | Eagle Scout |
Build order — babeleo
First 150 of 249 actions detected
| 3:41 | Build | Stable |
| 3:43 | Build | Archery Range |
| 4:13 | Research | Bodkin Arrow |
| 4:17 | Research | Treadmill Crane |
| 4:18 | Research | Treadmill Crane |
| 4:31 | Build | Archery Range |
| 4:32 | Build | Archery Range |
| 4:35 | Research | Crossbowman (upgrade) |
| 4:35 | Research | Thumb Ring |
| 4:36 | Research | Thumb Ring |
| 4:36 | Create | Archer ×5 |
| 4:37 | Create | Archer ×5 |
| 4:58 | Create | Archer ×3 |
| 4:58 | Create | Archer ×3 |
| 5:23 | Create | Archer |
| 5:25 | Build | Archery Range |
| 5:29 | Create | Archer ×5 |
| 5:29 | Create | Archer ×5 |
| 5:47 | Create | Archer |
| 5:47 | Create | Archer |
| 5:47 | Create | Archer |
| 5:47 | Create | Archer |
| 5:47 | Create | Archer ×5 |
| 6:41 | Create | Archer ×5 |
| 6:41 | Create | Archer ×5 |
| 6:41 | Create | Archer ×5 |
| 6:49 | Build | Archery Range |
| 6:51 | Create | Archer ×5 |
| 6:51 | Create | Archer ×5 |
| 6:51 | Create | Archer ×5 |
| 6:51 | Create | Archer ×5 |
| 6:51 | Create | Archer ×5 |
| 6:51 | Create | Archer ×5 |
| 6:51 | Create | Archer ×5 |
| 7:08 | Build | Archery Range |
| 7:20 | Create | Knight ×5 |
| 7:21 | Create | Knight ×5 |
| 7:21 | Create | Knight ×5 |
| 7:21 | Create | Knight ×5 |
| 7:27 | Research | Leather Archer Armor |
| 7:30 | Create | Archer ×4 |
| 7:30 | Create | Archer ×4 |
| 7:38 | Build | Archery Range |
| 7:38 | Build | Archery Range |
| 7:40 | Build | Archery Range |
| 7:59 | Build | Stone Wall |
| 8:03 | Build | Stone Wall |
| 8:06 | Build | Stone Wall |
| 8:08 | Build | Stone Wall |
| 8:14 | Build | Archery Range |
| 8:23 | Create | Archer ×2 |
| 8:23 | Create | Archer ×2 |
| 8:23 | Create | Archer ×2 |
| 8:24 | Create | Archer ×2 |
| 8:24 | Create | Archer ×2 |
| 8:55 | Create | Archer |
| 8:55 | Create | Archer |
| 8:55 | Create | Archer ×3 |
| 9:04 | Build | Archery Range |
| 9:13 | Create | Archer ×5 |
| 9:13 | Create | Archer ×5 |
| 9:13 | Create | Archer ×5 |
| 9:13 | Create | Archer ×5 |
| 9:15 | Create | Knight ×3 |
| 9:15 | Create | Knight ×3 |
| 9:15 | Create | Knight ×3 |
| 9:15 | Create | Knight ×3 |
| 9:33 | Create | Archer |
| 9:33 | Create | Archer |
| 9:33 | Create | Archer |
| 9:33 | Create | Archer ×2 |
| 9:40 | Create | Knight |
| 9:40 | Create | Knight |
| 9:40 | Create | Knight |
| 9:40 | Create | Knight |
| 10:04 | Create | Archer ×5 |
| 10:04 | Create | Archer ×5 |
| 10:04 | Create | Archer ×5 |
| 10:05 | Create | Archer ×5 |
| 10:05 | Create | Archer ×5 |
| 10:05 | Create | Archer ×5 |
| 10:05 | Create | Archer ×5 |
| 10:44 | Create | Archer ×5 |
| 10:44 | Create | Archer ×5 |
| 10:44 | Create | Archer ×5 |
| 10:44 | Create | Archer ×5 |
| 10:47 | Build | Archery Range |
| 11:04 | Create | Archer |
| 11:04 | Create | Archer |
| 11:04 | Create | Archer ×5 |
| 11:04 | Create | Archer ×5 |
| 11:04 | Create | Archer ×5 |
| 11:05 | Create | Knight ×3 |
| 11:06 | Create | Knight ×3 |
| 11:06 | Create | Knight ×3 |
| 11:06 | Create | Knight ×3 |
| 11:10 | Create | Archer ×5 |
| 11:10 | Create | Archer ×5 |
| 11:10 | Create | Archer ×5 |
| 11:10 | Create | Archer ×5 |
| 11:10 | Create | Archer ×5 |
| 11:10 | Create | Archer ×5 |
| 11:10 | Create | Archer ×5 |
| 11:10 | Create | Archer ×5 |
| 11:10 | Create | Archer ×5 |
| 11:19 | Build | Stable |
| 11:21 | Build | Stable |
| 11:25 | Create | Archer ×5 |
| 11:25 | Create | Archer ×5 |
| 11:25 | Create | Archer ×5 |
| 11:25 | Create | Archer ×5 |
| 11:42 | Create | Archer ×5 |
| 11:42 | Create | Archer ×5 |
| 11:42 | Create | Archer ×5 |
| 11:42 | Create | Archer ×5 |
| 11:43 | Create | Archer ×5 |
| 11:48 | Build | Archery Range |
| 12:47 | Create | Archer |
| 12:47 | Create | Archer |
| 12:47 | Create | Archer ×5 |
| 12:48 | Create | Archer ×5 |
| 12:48 | Create | Archer ×5 |
| 12:48 | Create | Archer ×5 |
| 12:48 | Create | Archer ×5 |
| 12:52 | Build | Stone Wall |
| 12:53 | Build | Stone Wall |
| 12:54 | Build | Stone Wall |
| 13:32 | Build | Stone Wall |
| 13:36 | Build | Stone Wall |
| 14:11 | Create | Archer ×5 |
| 14:11 | Create | Archer ×5 |
| 14:31 | Create | Archer ×5 |
| 14:31 | Create | Archer ×5 |
| 14:31 | Create | Archer ×5 |
| 14:31 | Create | Archer ×5 |
| 14:32 | Create | Archer |
| 14:32 | Create | Archer |
| 14:32 | Create | Archer |
| 14:32 | Create | Archer |
| 14:32 | Create | Archer |
| 14:41 | Build | Archery Range |
| 14:42 | Create | Archer |
| 14:42 | Create | Archer |
| 14:44 | Create | Archer |
| 14:44 | Create | Archer |
| 14:44 | Create | Archer |
| 14:44 | Create | Archer |
| 15:02 | Create | Knight |
| 15:02 | Create | Knight ×5 |
| 15:03 | Create | Knight ×5 |
Match timeline
| 3:41 | babeleo · first_building Stable |
| 3:43 | babeleo · first_building Archery Range |
| 5:48 | _Yoga_ · first_building Archery Range |
| 5:50 | _Yoga_ · first_building Barracks |
| 7:34 | _Yoga_ · wall_segment Stone Wall x4 |
| 7:37 | _Yoga_ · wall_segment Stone Wall x3 |
| 7:39 | _Yoga_ · wall_segment Stone Wall x1 |
| 7:41 | _Yoga_ · wall_segment Stone Wall x1 |
| 7:59 | babeleo · wall_segment Stone Wall x1 |
| 8:03 | babeleo · wall_segment Stone Wall x1 |
| 8:06 | babeleo · wall_segment Stone Wall x1 |
| 8:08 | babeleo · wall_segment Stone Wall x1 |
| 10:26 | RushH3LL · first_building Stable |
| 12:52 | babeleo · wall_segment Stone Wall x1 |
| 12:53 | babeleo · wall_segment Stone Wall x1 |
| 12:54 | babeleo · wall_segment Stone Wall x1 |
| 13:32 | babeleo · wall_segment Stone Wall x1 |
| 13:36 | babeleo · wall_segment Stone Wall x1 |
| 14:17 | RushH3LL · wall_segment Stone Wall x9 |
| 15:21 | babeleo · wall_segment Stone Wall x1 |
| 15:22 | babeleo · wall_segment Stone Wall x1 |
| 15:23 | babeleo · wall_segment Stone Wall x1 |
| 15:24 | babeleo · wall_segment Stone Wall x1 |
| 15:45 | babeleo · wall_segment Stone Wall x1 |
| 15:55 | babeleo · wall_segment Stone Wall x1 |
| 17:13 | _Yoga_ · first_building Stable |
| 18:11 | RushH3LL · first_building Siege Workshop |
| 20:00 | Teoman the hun · first_building Barracks |
| 22:35 | Deal · first_building Stable |
| 23:02 | Deal · wall_segment Stone Wall x5 |
| 24:53 | babeleo · wall_segment Stone Wall x1 |
| 24:57 | babeleo · wall_segment Stone Wall x1 |
| 25:06 | babeleo · wall_segment Stone Wall x1 |
| 25:43 | turbines1 · resign |
[ AI ANALYSIS · 1 CREDIT ]
What really happened in this match?
Wolo.gg analyzes every decision: build order, eco, micro, common mistakes by bracket. Personalized analysis on WhatsApp or Discord in 30 seconds.
Civ guide
Burgundians
Perfil
Jugador #1513470